Map: Deathaura LE

Players

EnDerr - Winner!

  • Race: Zerg Zerg
  • Spawn Location: 11:00

BlysK

  • Race: Protoss Protoss
  • League: Master
  • Spawn Location: 5:00

Event: DreamHack SC2 Masters 2020 Winter

VOD

Have the link to the VOD?

Description

Time

  • Played on: Oct. 18, 2020, 4:27 a.m.
  • Length: 14:19

All games in this series

Show
View Real Time Build Order
Export as new Build Order

EnDerr Zerg - Winner!

Build Orders: Hatch First, Muta Ling Bane, Swarm Host 

Get SALT Encoding   

  12  0:00  Drone  
  13  0:12  Overlord  
  13  0:17  Drone  
  14  0:30  Drone  
  14  0:31  Drone  
  16  0:49  Hatchery  
  15  0:53  Drone  
  16  0:57  Drone  
  16  1:00  Drone  
  18  1:11  Extractor  
  17  1:16  Spawning Pool  
  16  1:19  Drone  
  16  1:23  Drone  
  18  1:30  Drone  
  19  1:42  Drone  
  20  1:53  Overlord  
  20  2:03  Queen  
  20  2:04  Queen  
  20  2:05  Zergling x4  
  26  2:15  Metabolic Boost  
  26  2:18  Drone x2  
  28  2:23  Drone x2  
  30  2:38  Hatchery  
  30  2:44  Overlord  
  29  2:48  Drone x2  
  31  2:52  Drone  
  31  2:58  Drone x2  
  34  3:07  Drone x2  
  36  3:16  Zergling x4  
  36  3:17  Drone x4  
  42  3:20  Queen  
  42  3:26  Spore Crawler  
  43  3:27  Overlord  
  43  3:32  Pneumatized Carapace  
  43  3:38  Overlord  
  43  3:43  Spore Crawler  
  43  3:46  Drone  
  43  3:47  Drone  
  44  3:51  Queen  
  44  3:52  Drone x2  
  44  3:53  Drone  
  49  3:56  Overlord  
  50  4:02  Drone  
  50  4:03  Drone  
  50  4:08  Zergling x6  
  50  4:09  Zergling x2  
  52  4:13  Drone  
  53  4:18  Lair  
  53  4:20  Roach Warren  
  53  4:22  Drone x2  
  53  4:23  Drone  
  55  4:30  Drone x2  
  55  4:31  Drone  
  58  4:33  Drone x3  
  58  4:37  Overlord  
  61  4:45  Drone x3, Spore Crawler  
  62  4:53  Spore Crawler  
  62  4:56  Zergling x8  
  62  4:57  Zergling x4  
  62  4:59  Queen  
  69  5:03  Drone  
  69  5:04  Evolution Chamber, Drone  
  70  5:08  Drone  
  70  5:10  Overlord  
  70  5:11  Overlord  
  70  5:14  Drone  
  70  5:15  Drone  
  72  5:25  Drone  
  72  5:26  Overlord x2  
  73  5:29  Hatchery  
  73  5:31  Zerg Melee Weapons Level 1  
  73  5:34  Overlord  
  73  5:35  Drone x4  
  76  5:41  Drone x2  
  76  5:42  Drone x3  
  81  5:44  Extractor  
  81  5:45  Extractor  
  81  5:47  Drone  
  81  5:48  Baneling Nest  
  79  5:51  Drone x2  
  79  5:52  Extractor  
  79  5:54  Overlord  
  79  5:56  Drone x3  
  79  6:10  Roach x4  
  79  6:11  Roach  
  87  6:17  Drone x3  
  89  6:22  Roach x4, Zergling x2  
  89  6:24  Hatchery  
  97  6:27  Zergling x4  
  97  6:28  Zergling x2  
  100  6:34  Centrifical Hooks  
  100  6:35  Overlord x2  
  100  6:46  Overlord x2  
  100  6:49  Zergling x14  
  100  6:51  Drone  
  108  6:55  Evolution Chamber  
  108  6:58  Spire  
  108  6:59  Extractor  
  105  7:02  Drone x4  
  105  7:07  Drone  
  105  7:08  Drone x3, Extractor  
  110  7:17  Zergling x2  
  110  7:18  Zergling x12  
  113  7:23  Glial Reconstitution  
  113  7:29  Drone x7  
  114  7:38  Queen  
  114  7:39  Drone x8  
  122  7:46  Ravager x5  
  122  7:50  Drone  
  122  7:51  Drone x7, Extractor  
  135  7:52  Extractor  
  135  7:56  Overlord x2  
  127  8:12  Zerg Flyer Weapons Level 1  
  115  8:18  Zergling x20  
  125  8:23  Mutalisk x5  
  135  8:29  Zerg Melee Weapons Level 2  
  135  8:30  Hatchery  
  135  8:33  Mutalisk  
  136  8:35  Zergling x22  
  136  8:36  Mutalisk  
  149  8:46  Mutalisk, Overseer  
  149  8:47  Zergling x16  
  159  8:50  Mutalisk  
  159  8:54  Zergling x4  
  163  9:02  Mutalisk x2  
  167  9:03  Extractor x2  
  167  9:09  Mutalisk  
  167  9:21  Mutalisk  
  166  9:32  Mutalisk x2  
  166  9:35  Zergling x2  
  166  9:36  Zergling x8  
  166  9:38  Baneling x8  
  173  9:39  Baneling x5  
  173  9:40  Overlord x4  
  173  9:41  Overlord  
  173  9:44  Zergling x2  
  173  9:45  Zergling x2  
  173  9:46  Hatchery, Zergling x2  
  173  9:47  Overseer  
  173  9:48  Overseer  
  171  9:59  Zergling x2  
  160  10:02  Mutalisk x3  
  160  10:05  Zergling x8  
  160  10:06  Zergling x18  
  153  10:10  Mutalisk  
  147  10:21  Mutalisk  
  143  10:22  Zergling x2  
  143  10:23  Zergling x14  
  143  10:26  Queen  
  143  10:27  Queen  
  154  10:48  Spore Crawler  
  153  10:50  Spine Crawler  
  153  10:51  Drone x2  
  153  10:52  Drone x6  
  153  10:53  Extractor  
  159  10:58  Mutalisk x4  
  167  11:07  Mutalisk  
  167  11:08  Mutalisk  
  165  11:14  Mutalisk  
  165  11:15  Mutalisk  
  163  11:24  Mutalisk  
  165  11:26  Zergling x2  
  165  11:27  Zergling x22  
  169  11:38  Mutalisk  
  170  11:44  Mutalisk x2  
  172  11:47  Mutalisk  
  172  11:48  Mutalisk  
  156  11:55  Mutalisk  
  156  11:57  Zergling x6  
  156  11:58  Zergling x18  
  156  12:00  Mutalisk  
  172  12:03  Mutalisk, Zergling x2  
  172  12:04  Zergling x8  
  172  12:08  Mutalisk  
  179  12:09  Zergling x2  
  179  12:10  Zergling x4  
  184  12:15  Infestation Pit  
  184  12:17  Mutalisk  
  184  12:20  Zergling x2  
  176  12:41  Overlord x4  
  161  12:55  Overlord  
  155  13:09  Swarm Host x7  
  155  13:10  Swarm Host  
Show
View Real Time Build Order
Export as new Build Order

BlysK Protoss 

Build Orders: 1 Gate Expand, Oracle Opening 

Get SALT Encoding   

  12  0:00  Probe  
  13  0:12  Probe  
  14  0:17  Pylon  
  14  0:24  Probe  
  15  0:36  Gateway, Probe (Chrono Boost)  
  15  0:42  Assimilator  
  16  0:47  Probe (Chrono Boost)  
  17  0:53  Probe  
  18  1:05  Probe  
  20  1:22  Nexus  
  20  1:29  Cybernetics Core  
  20  1:32  Probe  
  20  1:38  Assimilator  
  20  1:44  Probe  
  21  1:48  Pylon  
  21  1:56  Probe  
  22  2:03  Adept (Chrono Boost)  
  24  2:09  Probe  
  25  2:16  Stargate  
  25  2:21  Probe  
  26  2:24  Warp Gate  
  26  2:26  Adept (Chrono Boost)  
  28  2:33  Probe  
  28  2:34  Probe  
  30  2:45  Probe  
  30  2:46  Probe  
  30  2:48  Stalker  
  34  2:57  Probe  
  35  2:58  Probe  
  35  3:04  Oracle (Chrono Boost)  
  36  3:09  Probe  
  36  3:11  Pylon, Probe  
  41  3:21  Probe  
  41  3:23  Probe  
  43  3:29  Pylon  
  43  3:30  Gateway  
  43  3:33  Probe, Oracle (Chrono Boost)  
  44  3:35  Probe  
  48  3:45  Probe  
  48  3:47  Probe  
  50  3:54  Pylon  
  50  3:57  Probe  
  50  4:00  Probe  
  52  4:09  Gateway  
  52  4:10  Probe  
  52  4:12  Pylon, Probe  
  53  4:18  Oracle  
  53  4:22  Assimilator, Probe  
  57  4:24  Nexus  
  57  4:25  Assimilator  
  57  4:26  Pylon  
  57  4:27  Probe  
  58  4:34  Probe  
  58  4:36  Twilight Council  
  59  4:40  Stalker, Probe  
  62  4:46  Probe  
  62  4:52  Probe  
  64  4:57  Forge  
  64  4:58  Probe  
  65  5:01  Gateway  
  65  5:04  Probe  
  66  5:07  Shield Battery  
  66  5:10  Probe  
  66  5:11  Blink (Chrono Boost)  
  66  5:13  Pylon  
  67  5:15  Sentry  
  67  5:16  Probe, Sentry  
  67  5:17  Protoss Ground Weapons Level 1 (Chrono Boost)  
  72  5:22  Adept, Probe  
  72  5:28  Probe  
  76  5:34  Probe  
  77  5:40  Probe  
  77  5:41  Probe  
  79  5:42  Pylon  
  79  5:45  Stalker x3  
  79  5:46  Probe  
  86  5:52  Probe  
  86  5:53  Gateway, Probe  
  88  5:58  Probe  
  89  6:04  Probe  
  89  6:05  Probe  
  89  6:06  Zealot  
  89  6:08  Zealot x3  
  89  6:10  Probe  
  97  6:16  Probe  
  97  6:17  Probe  
  99  6:20  Robotics Facility  
  99  6:22  Assimilator, Pylon  
  99  6:23  Probe  
  100  6:27  Assimilator  
  100  6:28  Probe  
  100  6:29  Probe  
  100  6:30  Photon Cannon  
  102  6:35  Probe  
  102  6:36  Gateway x2  
  102  6:37  Dark Shrine  
  103  6:47  Photon Cannon  
  103  6:48  Gateway, Shield Battery  
  103  6:55  Stalker x2, Sentry x2  
  103  6:56  Probe  
  103  6:59  Pylon  
  112  7:04  Immortal (Chrono Boost)  
  116  7:10  Pylon  
  116  7:11  Charge (Chrono Boost), Robotics Bay  
  115  7:17  Probe x2  
  115  7:21  Pylon  
  117  7:23  Probe  
  117  7:28  Pylon  
  117  7:29  Probe  
  116  7:30  Probe  
  116  7:36  Probe  
  114  7:40  Warp Prism (Chrono Boost)  
  114  7:43  Stalker  
  114  7:44  Stalker x6  
  122  7:49  Pylon  
  130  7:54  Photon Cannon  
  130  7:55  Shield Battery  
  129  8:05  Disruptor (Chrono Boost)  
  122  8:18  Stalker x2  
  122  8:19  Stalker x6  
  138  8:20  Protoss Ground Weapons Level 2 (Chrono Boost)  
  138  8:30  Shield Battery  
  138  8:36  Nexus  
  138  8:39  Colossus (Chrono Boost)  
  141  8:43  Zealot x2  
  141  8:48  Pylon x2  
  148  8:51  Extended Thermal Lance  
  148  8:58  Pylon  
  148  9:01  Pylon  
  148  9:02  Probe  
  149  9:07  Gateway  
  149  9:09  Gateway  
  149  9:11  Dark Templar x4  
  157  9:21  Stalker x2  
  157  9:22  Stalker x2  
  163  9:24  Warp Prism (Chrono Boost)  
  161  9:33  Photon Cannon  
  161  9:34  Shield Battery  
  153  9:49  Stalker x6  
  165  10:05  Probe  
  101  10:18  Stalker x4  
  101  10:19  Dark Templar x4  
  101  10:20  Zealot  
  101  10:21  Zealot  
  117  10:23  Archon x2  
  111  10:29  Probe  
  111  10:32  Colossus (Chrono Boost)  
  111  10:34  Assimilator  
  121  10:38  Photon Cannon  
  121  10:41  Stalker x2  
  122  10:43  Stalker x3  
  122  10:45  Stalker  
  130  10:52  Shield Battery  
  130  10:54  Assimilator  
  118  11:04  Probe x3  
  118  11:09  Zealot x2  
  118  11:10  Zealot x5  
  130  11:23  Dark Templar  
  130  11:24  Dark Templar, Zealot  
  130  11:25  Probe x3  
  139  11:28  Archon  
  139  11:32  Stalker x3  
  143  11:39  Probe  
  136  11:55  Stalker x2  
  136  11:56  Stalker x5  
  136  12:00  Dark Templar  
  152  12:04  Dark Templar  
  152  12:07  Zealot  
  158  12:20  Zealot x4  
  162  12:29  Stalker, Dark Templar  
  158  12:30  Dark Templar  
  88  12:58  Dark Templar x2  
  88  12:59  Stalker  
  88  13:04  Archon  
Tags
 
Add a new tag
Caveats
  • Supply blocks, unpowered buildings, or Contaminate may cause inaccurate times.
  • Supply counts are checked every 10 seconds.